 Dungeon Crawl Stone Soup version 0.28.0-45-g0d030f2227 (webtiles) character file.

Game seed: 4117475729401578871

50839 RascalDebosk the Cleaver (level 14, -10/126 (127) HPs)
             Began as a Minotaur Berserker on Apr 10, 2022.
             Was a Priest of Trog.
             Mangled by a large abomination (13 damage)
             ... on level 3 of the Abyss.
             The game lasted 02:41:37 (18279 turns).

RascalDebosk the Cleaver (Minotaur Berserker)      Turns: 18279, Time: 02:41:37

HP:   -10/126 (127) AC: 29    Str: 25    XL:     14   Next: 21%
MP:   4/4           EV:  2    Int:  7    God:    Trog [***...]
Gold: 152           SH: 28    Dex: 12    Spells: 13/13 levels left

rFire   . . .      SeeInvis +   c - +6 scimitar (antimagic)
rCold   . . .      Faith    .   j - +18 shield of the Gong {rElec rN+ Will+ EV-5}
rNeg    + . .      Spirit   .   p - +0 plate armour
rPois   .          Reflect  .   (helmet restricted)
rElec   +          Harm     .   H - +2 cloak
rCorr   .          Rampage  .   O - +1 pair of gloves "Mavaoh" {Will+ Int+3 Stlth-}
Will    +++..                   A - +2 pair of boots
Stlth   ..........              g - amulet of regeneration
HPRegen 0.00/turn               r - +4 ring of protection
MPRegen 0.09/turn               f - ring of see invisible

@: about to teleport, on berserk cooldown, sick, slowed, lightly drained, very
slow
A: horns 2, retaliatory headbutt
a: Renounce Religion, Berserk, Trog's Hand


You were on level 3 of the Abyss.
You worshipped Trog.
Trog was most pleased with you.
You visited 2 branches of the dungeon, and saw 16 of its levels.
You visited the Abyss 1 time.
You also visited: Sewer and Gauntlet.

You collected 912 gold pieces.
You spent 760 gold pieces at shops.

Inventory:

Hand Weapons
 c - a +6 antimagic scimitar (weapon)
 t - a +4 trident
 G - a +4 eveningstar of draining
 R - a +6 vorpal broad axe
Missiles
 m - 57 poisoned darts
 o - 4 javelins (quivered)
 q - 3 curare-tipped darts
 s - 3 boomerangs
 D - 4 silver javelins
Armour
 j - the +18 shield of the Gong (worn) {rElec rN+ Will+ EV-5}
   (You found it on level 9 of the Dungeon)

   It is deafeningly noisy when blocking attacks.
   EV:        It affects your evasion (-5).
   rElec:     It insulates you from electricity.
   rN:        It protects you from negative energy.
   Will:      It increases your willpower.
 p - a +0 plate armour (worn)
 A - a +2 pair of boots (worn)
 H - a +2 cloak (worn)
 O - the +1 pair of gloves "Mavaoh" (worn) {Will+ Int+3 Stlth-}
   (You found it in a Gauntlet)

   Int:       It affects your intelligence (+3).
   Will:      It increases your willpower.
   Stlth:     It makes you less stealthy.
Jewellery
 e - a ring of protection from fire
 f - a ring of see invisible (right hand)
 g - an amulet of regeneration (around neck)
 r - a +4 ring of protection (left hand)
 u - a ring of ice
 M - an amulet of reflection
Wands
 h - a wand of acid (5)
 w - a wand of paralysis (14)
 y - a wand of digging (7)
 z - a wand of polymorph (10)
 B - a wand of flame (5)
 E - a wand of iceblast (8)
 N - a wand of charming (3)
Scrolls
 d - 10 scrolls of teleportation
 l - a scroll of fog
 n - a scroll of silence
 v - 10 scrolls of identify
 F - a scroll of holy word
 I - a scroll of vulnerability
 S - a scroll of brand weapon
Potions
 a - a potion of mutation {unknown}
 b - 3 potions of attraction
 i - 7 potions of flight
 C - 3 potions of berserk rage
 J - a potion of cancellation
 L - a potion of haste
Miscellaneous
 x - a phial of floods
 P - a phial of floods


   Skills:
 + Level 12.6 Fighting
 + Level 12.0 Long Blades
 + Level 12.7 Axes
 + Level 10.1 Throwing
 + Level 12.3 Armour
 - Level 2.1 Dodging
 + Level 9.2 Shields
 - Level 8.0 Evocations


You had 13 spell levels left.
You didn't know any spells.
Your spell library was empty.

Dungeon Overview and Level Annotations

Branches:
Dungeon (15/15)            Temple (1/1) D:4            Lair (0/6) D:9
    Orc (0/2) D:12         Vaults (0/5) D:14          Sewer (visited)
Gauntlet (visited)
 Depths: D:15

Altars:
Ashenzari
Cheibriados
Dithmenos
Elyvilon
Fedhas
Gozag
Hepliaklqana
Kikubaaqudgha
Makhleb
Nemelex Xobeh
Okawaru
Qazlal
Ru
Sif Muna
Trog
Uskayaw
Vehumet
Wu Jian
Xom
Yredelemnul
Zin
The Shining One

Shops:
D:3 ?   D:7 =   D:8 *

Annotations:
D:15 Louise


Innate Abilities, Weirdness & Mutations

You have a pair of horns on your head.
You reflexively headbutt those who attack you in melee.


Message History

You hear an angry squeal. x2
You feel the effects of Trog's Hand fading.
You block the large abomination's attack.
GONNNNG!
You hear a roar!
As you read the scroll of teleportation, it crumbles to dust.
You feel strangely unstable.
You feel the power of the Abyss delaying your translocation!
You block the large abomination's attack.
BOUMMMMG!
The smoke demon gestures at you.
The ball of steam hits you but does no damage.
You hear an angry squeal.
You are engulfed in a cloud of scalding steam.
The smoke demon gestures at you. The ball of steam hits you!
* * * LOW HITPOINT WARNING * * *
The large abomination is engulfed in a cloud of scalding steam.
You block the large abomination's attack.
GONNNNG!
You are engulfed in a cloud of scalding steam.
Your skin stops crawling.
You feel less strong-willed. You block the smoke demon's attack.
BOUMMMMG!
You block the smoke demon's attack.
BONNNG!
The smoke demon hits you but does no damage.
The large abomination is engulfed in a cloud of scalding steam.
The smoke demon gestures at you. Something smites you!
* * * LOW HITPOINT WARNING * * *
You slice the smoke demon!!
The smoke demon's magic leaks into the air.
You headbutt the smoke demon!
The smoke demon is severely wounded.
The large abomination is engulfed in a cloud of scalding steam.
You block the large abomination's attack.
GONNNNG!
The large abomination is engulfed in a cloud of scalding steam.
The large abomination hits you!
You die...

.. .. .. ...
... .... ... #.
#..# .. .
##..##..##..##.
...............
......†*.......
. # .##3†## .##
# #2#x.#... #
#@#xX.#
#X#§####
#x.....
######.## #..#
# # ... # . #.
. # ## # #


You could see a wretched star (summoned), a shadow demon, a large abomination, a
smoke demon (magic disrupted) and a small abomination.

Vanquished Creatures
  Agnes (D:15)
  A ghost moth (shapeshifter) (D:15)
  A minotaur (Gauntlet)
  Josephine (D:11)
  A hydra (D:11)
  3 boulder beetles
  8 vault guards
  7 two-headed ogres
  A centaur warrior (D:14)
  2 death knights (D:14)
  A hell hog (Gauntlet)
  3 tengu warriors
  Urug (D:11)
  4 large abominations
  6 skeletal warriors (D:14)
  A wizard (D:15)
  3 deep elf pyromancers
  9 ugly things
  2 orc sorcerers
  2 manticores
  2 cyclopes
  2 vault sentinels (D:9)
  Maurice (D:12)
  A gargoyle (D:11)
  2 freezing wraiths
  A yaktaur (shapeshifter) (D:13)
  An efreet (D:15)
  Psyche (D:11)
  A tengu conjurer (D:15)
  3 trolls
  The ghost of Iusername the Covered, an amateur MiFi (D:4)
  A slime creature (D:13)
  A blink frog (shapeshifter) (D:15)
  Grinder (D:4)
  A meliai zombie (D:11)
  6 flying skulls
  4 shadows
  A centaur simulacrum (D:14)
  A ynoxinul (Abyss:3)
  10 wraiths
  26 yaks
  2 vampires
  A wyvern (D:10)
  Grum (D:11)
  2 fire bats (Gauntlet)
  A neqoxec (Abyss:3)
  8 vampire mosquitoes
  Edmund (D:4)
  2 acid dragons
  2 water moccasins
  6 small abominations
  6 hell hounds
  3 orc warriors
  3 ice beasts
  A black bear (D:6)
  A necrophage (D:8)
  2 sky beasts
  4 wolves
  15 centaurs
  4 phantoms
  6 kobold brigands
  A bullfrog (D:8)
  4 scorpions
  2 wyvern zombies
  A wyvern skeleton (D:7)
  A water moccasin skeleton (D:6)
  4 killer bees (D:7)
  2 troll zombies (D:12)
  8 wights (D:9)
  3 howler monkeys
  2 centaur zombies
  6 hounds
  A bullfrog skeleton (D:5)
  2 centaur skeletons
  6 orc priests
  Ijyb (D:4)
  Jessica (D:2)
  4 iguanas
  10 orc wizards
  4 ogre zombies (D:12)
  2 hound skeletons
  3 gnolls (D:8)
  2 howler monkey zombies
  10 adders
  3 river rats (Sewer)
  2 ufetubi
  An adder skeleton (D:4)
  6 worms
  4 dart slugs
  27 orcs
  8 ball pythons
  3 bats (D:1)
  6 endoplasms
  3 giant cockroaches
  3 goblins
  8 hobgoblins
  29 kobolds
  4 quokkas
  2 frilled lizards (D:1)
  3 goblin skeletons (D:12)
  A goblin zombie (D:12)
  2 hobgoblin skeletons (D:12)
  2 hobgoblin zombies (D:12)
  3 orc skeletons (D:12)
  7 orc zombies (D:12)
  12 rats
416 creatures vanquished.

Vanquished Creatures (collateral kills)
  A boulder beetle (D:15)
  A tengu warrior (D:15)
  A hobgoblin skeleton (D:12)
3 creatures vanquished.

Vanquished Creatures (others)
  An ugly thing (D:15)
  An orc (D:6)
  2 fungi (D:4)
  2 plants (D:4)
  2 starspawn tentacles (Abyss:3)
8 creatures vanquished.

Grand Total: 427 creatures vanquished

Notes
Turn   | Place    | Note
-------+----------+-------------------------------------------
     0 | D:1      | RascalDebosk the Minotaur Berserker began the quest for the
                  | Orb.
     0 | D:1      | Reached XP level 1. HP: 19/19 MP: 0/0
   301 | D:1      | Reached XP level 2. HP: 18/27 MP: 1/1
  1194 | D:1      | Found a faded altar of an unknown god.
  1585 | D:2      | Reached skill level 1 in Evocations
  1585 | D:2      | Reached XP level 3. HP: 32/33 MP: 2/2
  1682 | D:2      | Noticed Jessica
  1697 | D:2      | Killed Jessica
  1698 | D:2      | Reached skill level 1 in Throwing
  1746 | D:2      | Noticed a phantom
  1813 | D:2      | Killed a phantom
  1814 | D:2      | Reached skill level 1 in Long Blades
  1814 | D:2      | Reached XP level 4. HP: 27/41 MP: 3/3
  1990 | D:2      | Reached XP level 5. HP: 44/47 MP: 4/4
  2531 | D:3      | Reached ** piety under Trog
  2574 | D:3      | Found Xol Xuum's Magic Scroll Boutique.
  2597 | D:3      | Bought 2 scrolls of identify for 40 gold pieces
  3251 | D:4      | Found a runed translucent gate.
  3251 | D:4      | Found a runed translucent gate.
  3259 | D:4      | Noticed Iusername's ghost (amateur MiFi)
  3261 | D:4      | Found a runed translucent gate.
  3284 | D:4      | Found a staircase to the Ecumenical Temple.
  3400 | D:4      | Noticed Ijyb
  3413 | D:4      | Killed Ijyb
  3452 | D:4      | Noticed Grinder
  3452 | D:4      | Paralysed by Grinder for 3 turns
  3460 | D:4      | Killed Grinder
  3461 | D:4      | Reached skill level 5 in Fighting
  3461 | D:4      | Reached skill level 5 in Axes
  3461 | D:4      | Reached XP level 6. HP: 54/56 MP: 5/5
  3604 | D:4      | Found a glowing drain.
  3614 | Sewer    | Entered a sewer
  3662 | Sewer    | Reached XP level 7. HP: 36/61 MP: 6/6
  4964 | D:4      | Noticed Edmund
  4977 | D:4      | Killed Edmund
  5265 | D:4      | Killed Iusername's ghost
  5266 | D:4      | Reached skill level 5 in Armour
  5266 | D:4      | Reached XP level 8. HP: 70/70 MP: 7/7
  5455 | D:5      | Entered Level 5 of the Dungeon
  5470 | D:5      | Reached *** piety under Trog
  6015 | D:5      | Reached skill level 5 in Long Blades
  6502 | D:6      | Reached XP level 9. HP: 62/78 MP: 8/8
  7750 | Temple   | Entered the Ecumenical Temple
  8114 | D:7      | Reached skill level 5 in Throwing
  8167 | D:7      | Found Sotyd's Jewellery Shop.
  8509 | D:7      | Reached **** piety under Trog
  8676 | D:7      | Reached skill level 5 in Evocations
  8840 | D:7      | You fall into a shaft and drop 2 floors!
  9187 | D:9      | Reached XP level 10. HP: 82/87 MP: 9/9
  9206 | D:9      | Noticed a two-headed ogre
  9212 | D:9      | Found a staircase to the Lair.
  9218 | D:9      | HP: 3/80 [two-headed ogre/+0 giant spiked club (13)]
  9223 | D:9      | Killed a two-headed ogre
  9779 | D:9      | Noticed a vault sentinel
  9779 | D:9      | Noticed a vault sentinel
  9813 | D:9      | Killed a vault sentinel
  9840 | D:9      | Killed a vault sentinel
 10057 | D:9      | Found the +18 shield of the Gong {rElec rN+ Will+ EV-5}
 10275 | D:9      | Reached skill level 1 in Shields
 10443 | D:10     | Entered Level 10 of the Dungeon
 10658 | D:10     | Reached XP level 11. HP: 50/97 MP: 10/10
 10698 | D:10     | Reached ***** piety under Trog
 11136 | D:8      | Found Lijaih's Elemental Accessories.
 11382 | D:8      | Found a radiant altar of Vehumet.
 11530 | D:7      | Bought an amulet of regeneration for 420 gold pieces
 12609 | D:10     | Received a gift from Trog
 12888 | D:11     | Noticed Psyche
 12938 | D:11     | Killed Psyche
 12952 | D:11     | Noticed Grum
 13136 | D:11     | Noticed Urug
 13151 | D:11     | Killed Urug
 13161 | D:11     | Noticed an eight-headed hydra
 13180 | D:11     | Killed an eight-headed hydra
 13282 | D:11     | Reached skill level 10 in Axes
 13288 | D:11     | Killed Grum
 13334 | D:11     | Reached skill level 10 in Fighting
 13487 | D:11     | Noticed Josephine
 13503 | D:11     | Killed Josephine
 13618 | D:11     | Noticed a two-headed ogre
 13626 | D:11     | Killed a two-headed ogre
 13627 | D:11     | Reached XP level 12. HP: 106/106 MP: 11/11
 14231 | D:12     | Reached skill level 5 in Shields
 14235 | D:12     | Noticed Maurice
 14240 | D:12     | Noticed a two-headed ogre
 14243 | D:12     | Killed Maurice
 14246 | D:12     | Killed a two-headed ogre
 14260 | D:12     | Noticed a two-headed ogre
 14262 | D:12     | Reached skill level 10 in Armour
 14268 | D:12     | Noticed a boulder beetle
 14269 | D:12     | Killed a two-headed ogre
 14286 | D:12     | Killed a boulder beetle
 14373 | D:12     | Noticed a two-headed ogre
 14381 | D:12     | Killed a two-headed ogre
 14473 | D:12     | Found a staircase to the Orcish Mines.
 14794 | D:12     | Reached skill level 10 in Long Blades
 15068 | D:13     | Identified the +6 quarterstaff "Pendulum" {flame, Str+2}
 15082 | D:13     | Noticed a two-headed ogre
 15087 | D:13     | Noticed a two-headed ogre
 15091 | D:13     | Killed a two-headed ogre
 15099 | D:13     | Killed a two-headed ogre
 15269 | D:13     | Found a gate leading to a gauntlet.
 15278 | Gauntlet | Entered a Gauntlet
 15278 | Gauntlet | Found a transporter.
 15278 | Gauntlet | Found a transporter.
 15278 | Gauntlet | Found a transporter.
 15283 | Gauntlet | Found a transporter.
 15291 | Gauntlet | Noticed a hell hog
 15293 | Gauntlet | Found a transporter.
 15297 | Gauntlet | Found a transporter.
 15306 | Gauntlet | Found a transporter.
 15306 | Gauntlet | Found a transporter.
 15310 | Gauntlet | Noticed a two-headed ogre
 15310 | Gauntlet | a death drake changed into a two-headed ogre
 15311 | Gauntlet | Found a transporter.
 15311 | Gauntlet | a two-headed ogre changed into a sea snake
 15312 | Gauntlet | Found a transporter.
 15316 | Gauntlet | Noticed a two-headed ogre
 15316 | Gauntlet | a deep troll changed into a two-headed ogre
 15319 | Gauntlet | Noticed a minotaur
 15347 | Gauntlet | Found a transporter.
 15351 | Gauntlet | Found a transporter.
 15420 | Gauntlet | Noticed an ettin
 15422 | Gauntlet | Noticed a spark wasp
 15422 | Gauntlet | an ettin changed into a spark wasp
 15423 | Gauntlet | Noticed an entropy weaver
 15423 | Gauntlet | a spark wasp changed into an entropy weaver
 15424 | Gauntlet | Noticed an eleionoma
 15424 | Gauntlet | an entropy weaver changed into an eleionoma
 15428 | Gauntlet | Noticed an alligator snapping turtle
 15428 | Gauntlet | an eleionoma changed into an alligator snapping turtle
 15429 | Gauntlet | Noticed a stone giant
 15429 | Gauntlet | an alligator snapping turtle changed into a stone giant
 15431 | Gauntlet | Noticed an alligator snapping turtle
 15431 | Gauntlet | a stone giant changed into an alligator snapping turtle
 15432 | Gauntlet | Noticed a fire giant
 15432 | Gauntlet | an alligator snapping turtle changed into a fire giant
 15588 | Gauntlet | Killed a hell hog
 15602 | Gauntlet | Noticed a boulder beetle
 15612 | Gauntlet | Noticed a frost giant
 15615 | Gauntlet | Noticed an ice dragon
 15615 | Gauntlet | a boulder beetle changed into an ice dragon
 15618 | Gauntlet | Identified the +0 hat of Marbles {rC- Int+2 Stlth+}
 15656 | Gauntlet | Reached XP level 13. HP: 116/116 MP: 4/12
 15696 | Gauntlet | Identified the +1 pair of gloves "Mavaoh" {Will+ Int+3
                  | Stlth-}
 15724 | Gauntlet | Identified the +4 ring mail of Ablik {rN+}
 15739 | Gauntlet | Killed a minotaur
 15787 | Gauntlet | Found the +8 orange crystal plate armour {Archmagi, Int+3
                  | Clar}
 15818 | Gauntlet | Identified the +1 ring mail of the End {Will++ Regen+
                  | Slay+5 Stlth-}
 16374 | D:3      | Bought a scroll of identify for 20 gold pieces
 16374 | D:3      | Bought a scroll of identify for 20 gold pieces
 16374 | D:3      | Bought 3 scrolls of identify for 60 gold pieces
 16374 | D:3      | Bought a scroll of brand weapon for 200 gold pieces
 16604 | D:14     | Received a gift from Trog
 16887 | D:14     | Found a gate to the Vaults.
 17077 | D:14     | Found a shadowy altar of Dithmenos.
 17754 | D:15     | Entered Level 15 of the Dungeon
 17862 | D:15     | Noticed Agnes
 17881 | D:15     | Killed Agnes
 17882 | D:15     | Reached XP level 14. HP: 15/127 MP: 4/13
 17883 | D:15     | HP: 6/127 [poisoned by Agnes]
 17976 | D:15     | Reached skill level 10 in Throwing
 18053 | D:15     | Noticed a ghost moth
 18053 | D:15     | a spark wasp changed into a ghost moth
 18059 | D:15     | Killed a ghost moth
 18106 | D:15     | Identified the +8 flail "Newt's Death" {vorpal, Str+5}
 18114 | D:15     | Noticed Louise
 18166 | D:15     | Cast into level 3 of the Abyss (Louise)
 18265 | Abyss:3  | Noticed a tentacled starspawn
 18278 | Abyss:3  | HP: 3/126 [smoke demon/divine providence (12)]
 18279 | Abyss:3  | Mangled by a large abomination

Illustrated notes

Levels and vault maps discovered:
D:1:      dpeg_arrival_leaves_temple_mockup, layout_basic,
          dreamdust_ecumenical_altar_hidden_monk_grotto,
          minmay_misc_feat_pillars
D:2:      layout_basic, minmay_unequal, uniq_jessica
D:3:      layout_basic, serial_shops, shop
D:4:      layout_loops_cross, minmay_temple_entry_arrows,
          gammafunk_ghost_nasty_kobolds, portal_sewer_entry_f,
          amcnicky_mini_rare_corridor_liquid, uniq_ijyb, uniq_edmund,
          uniq_grinder
D:5:      layout_gridville
D:6:      wander_river, layout_cave_pods
D:7:      layout_cave_pods, serial_shops, shop, chequers_decorated_corner,
          grunt_ministairs_9
D:8:      layout_basic, nicolae_vehumet_radiance, nicolae_elemental_shop,
          minmay_tree_intersection, dk_rats_in_the_wall
D:9:      layout_basic, lair_entry_dummy, hellmonk_guarded_unrand_gong
D:10:     layout_basic
D:11:     layout_gridville, uniq_psyche, uniq_urug, uniq_josephine, uniq_grum
D:12:     layout_irregular_city, zombieorc1_lemuel, drop_trap, uniq_maurice
D:13:     kennysheep_spiral_hall, layout_rooms, gauntlet_entry_generic
D:14:     layout_basic, erik_vaults_2, nicolae_dithmenos_shadow_blocks
D:15:     hangedman_depths_entry_civil_slaughter, layout_basic, uniq_louise,
          uniq_agnes
Temple:   kilobyte_greek_temple
Abyss:3:  base: D:4, lemuel_flamethrower_3

Skill      XL: |  1  2  3  4  5  6  7  8  9 10 11 12 13 14 |
---------------+-------------------------------------------+-----
Fighting       | 4 5 6 8 9 10 11 12 | 12.6
Evocations     | 1 2 3 4 5 6 7 8 |  8.0
Axes           | 4 5 6 8 9 10 11 12 | 12.7
Throwing       | 1 2 3 4 5 6 7 8 9 10 | 10.1
Armour         | 3 4 5 6 7 8 9 10 12 | 12.3
Long Blades    | 1 2 3 4 5 6 8 9 10 11 12 | 12.0
Shields        | 2 4 6 8 9 |  9.2
Dodging        | |  2.1

Action                   |  1- 3 |  4- 6 |  7- 9 | 10-12 | 13-15 || total
-------------------------+-------+-------+-------+-------+-------++-------
Melee: Hand axe          |    74 |    91 |   283 |       |       ||   448
       Headbutt          |    10 |    14 |    77 |   126 |    98 ||   325
       Punch             |       |       |     3 |       |       ||     3
       War axe           |       |       |    95 |   224 |       ||   319
       Scimitar          |       |       |       |   200 |   198 ||   398
       Eveningstar       |       |       |       |   126 |       ||   126
       Broad axe         |       |       |       |       |   198 ||   198
Throw: Dart              |       |       |       |    23 |     5 ||    28
Invok: Berserk           |     2 |     3 |     6 |    14 |    10 ||    35
       Trog's Hand       |       |     1 |     2 |     1 |     6 ||    10
       Brothers in Arms  |       |       |       |     1 |     3 ||     4
Evoke: Wand              |       |       |       |     1 |     2 ||     3
  Use: Scroll            |       |     6 |     9 |     6 |     6 ||    27
       Potion            |       |       |     3 |     5 |     6 ||    14
 Stab: Sleeping          |     1 |       |       |       |       ||     1
Armor: Animal skin       |    11 |       |       |       |       ||    11
       Ring mail         |       |    14 |       |       |       ||    14
       Scale mail        |       |    10 |   147 |       |       ||   157
       Plate armour      |       |       |   118 |   283 |   167 ||   568
Dodge: Dodged            |    33 |    44 |   224 |    36 |    27 ||   364
Block: Kite shield       |       |       |       |   737 |   549 ||  1286
